 Dungeon Crawl Stone Soup version 0.29.1-15-g9cfb28693d (webtiles) character file.

Game seed: 11195585261741391801

7 firemarshallily the Stinger (level 1, 0/14 HPs)
             Began as a Demonspawn Wanderer on Apr 17, 2023.
             Slain by a giant cockroach (2 damage)
             ... on level 1 of the Dungeon.
             The game lasted 00:02:12 (232 turns).

firemarshallily the Stinger (Demonspawn Wanderer)    Turns: 232, Time: 00:02:12

Health: 0/14       AC:  2    Str: 12    XL:     1   Next: 91%
Magic:  0/3        EV: 11    Int: 13    God:
Gold:   4          SH:  0    Dex: 12    Spells: 2/4 levels left

rFire   . . .      SeeInvis .   a - +0 club
rCold   . . .      Faith    .   (no shield)
rNeg    . . .      Spirit   .   c - +0 robe
rPois   .          Reflect  .   (no helmet)
rElec   .          Harm     .   (no cloak)
rCorr   .          Rampage  .   (no gloves)
Will    .....                   (no boots)
Stlth   +.........              (no amulet)
HPRegen 0.04/turn               (no ring)
MPRegen 0.08/turn               (no ring)

@: no status effects
A: no striking features
a: no special abilities


You were on level 1 of the Dungeon.
You visited 1 branch of the dungeon, and saw 2 of its levels.

You collected 4 gold pieces.

Inventory:

Hand Weapons
 a - a +0 club (weapon)
Armour
 c - a +0 robe (worn)
Wands
 d - a wand of flame (4) (quivered)
Potions
 b - a potion of lignification
 e - a potion of attraction {unknown}


   Skills:
 + Level 0.4 Fighting
 * Level 2.2 Spellcasting
 + Level 3.1 Hexes
 + Level 4.0 Poison Magic
 - Level 1.0 Evocations


You had 2 spell levels left.
You knew the following spells:

 Your Spells              Type           Power      Damage    Failure   Level
a - Sting                 Tmut/Pois      24%        1d4       11%         1
b - Slow                  Hex            36%        N/A       7%          1

Your spell library contained the following spells:

 Spells                   Type           Power      Damage    Failure   Level
 Tukima's Dance           Hex            9%         N/A       21%         3
 Portal Projectile        Hex/Tloc       10%        N/A       36%         3
 Mephitic Cloud           Conj/Pois/Air  4%         N/A       38%         3


Dungeon Overview and Level Annotations

Branches:
Dungeon (2/15)

Altars:
Cheibriados

Shops:
D:2 [

Annotations:
D:2 Terence


Message History

The jackal completely misses you.
You hit the jackal.
You kill the jackal! x2
A ball python comes into view.
A rat comes into view.
The jackal bites you but does no damage.
Unknown command.
You miss the jackal. The jackal bites you.
A giant cockroach comes into view.
You completely miss the jackal.
The jackal bites you but does no damage.
The rat twitches its whiskers.
The jackal barely misses you.
You hit the jackal.
The jackal is lightly wounded.
The jackal barely misses you. The jackal bites you.
You hit the jackal.
The jackal is severely wounded.
The jackal barely misses you. The jackal misses you.
You completely miss the jackal.
The jackal is severely wounded.
The jackal barely misses you. The jackal bites you.
You closely miss the jackal.
The jackal is severely wounded.
The giant cockroach bites you. The jackal barely misses you.
The giant cockroach bites you.
Casting: Sting (safe; 11% risk of failure)
Confirm with . or Enter, or press ? or * to list all spells.
Aiming: Sting (safe; 11% risk of failure)
Press: ? - help, Shift-Dir - straight line, f - jackal
Aim: a jackal (severely wounded, 60% to hit)
The sting hits the jackal.
The jackal is poisoned.
The jackal is almost dead.
You kill the jackal!
The giant cockroach bites you.
You closely miss the giant cockroach. The rat bites you.
* * * LOW HITPOINT WARNING * * *
The giant cockroach bites you.
* * * LOW HITPOINT WARNING * * *
The giant cockroach bites you.
You die...

#~♣...♣≈#
#≈≈♣.♣≈≈#......
#≈≈♣.♣≈≈#......
##≈♣.♣≈##......
####+####......
#..............
...............
........r......
.......@B......
..#........[...
.....#####..#..
###. ## #


You could see a giant cockroach and a rat.

Vanquished Creatures
  A goblin (D:2)
  3 jackals (D:1)
  A ball python (D:2)
  A kobold (D:2)
  A rat (D:2)
7 creatures vanquished.

Vanquished Creatures (others)
  A plant (D:2)
1 creature vanquished.

Grand Total: 8 creatures vanquished

Notes
Turn   | Place    | Note
-------+----------+-------------------------------------------
     0 | D:1      | firemarshallily the Demonspawn Wanderer began the quest for
                  | the Orb.
     0 | D:1      | firemarshallily set off with the following items: a +0
                  | club, a potion of lignification, a +0 robe, a wand of flame
                  | (6); and the following spells available to memorise: Slow,
                  | Sting, Tukima's Dance, Portal Projectile, Mephitic Cloud.
     0 | D:1      | Reached XP level 1. HP: 13/13 MP: 3/3
     2 | D:1      | Learned a level 1 spell: Sting
     4 | D:1      | Learned a level 1 spell: Slow
     5 | D:1      | You fall into a shaft and drop 1 floor!
     5 | D:2      | Found a snail-covered altar of Cheibriados.
    28 | D:2      | Found Mawne's Antique Armour Boutique.
   211 | D:2      | Noticed Terence
   232 | D:1      | Slain by a giant cockroach

Illustrated notes

Levels and vault maps discovered:
D:1:      saegor_arrival_simple_d, layout_rooms,
          shapermc_ecumenical_altar_rom_forum, reono_crystal_passage,
          minmay_surrounded
D:2:      layout_rooms, serial_shops, nicolae_shop_overgrown_old_shop,
          basic_altar, uniq_terence, uniq_natasha

Action                   || total
-------------------------++-------
Melee: Club              ||     9
 Cast: Sting             ||     9
Evoke: Wand              ||     2
Armor: Robe              ||     3
Dodge: Dodged            ||    10
